 BcadrenCrawl: Boulder Brew version 0.05.4-46-gbd7123f023 (webtiles) character file.

Game seed: 13758153932858407192, levelgen mode: deterministic

7884 protoss039 the Thaumaturge (level 11, -11/60 HPs) Deep Elf Earth Elementalist. Began on Mar 5, 2022. Was a Believer of Sif Muna. Mangled by a rypuiwel (22 damage) ... in an ice cave. The game lasted 00:39:00 (6767 turns).

protoss039 the Thaumaturge (DEEE)                   Turns: 6767, Time: 00:39:01

Health: -11/60     AC:  8    Str:  5    XL:     11 ^: 10584
Magic:  13/30      EV: 13    Int: 29    God:    Sif Muna [2* [60]]
Gold:   509        SH:  5    Dex: 19    Spells: 22/37 levels left

rFire    . . .     Vision   +   u - +4 spear "Heule" {speed, Int+2 Dex+4 +Vis}
rCold    . . .     Gourm    .   i - +3 warlock's mirror {reflect}
rNeg     . . .     Faith    .   b - +0 robe
rCorr    . . .     Spirit   .   (no helmet)
rPois    .         Reflect  +   (no cloak)
rElec    .         Harm     .   (no gloves)
MR       +....                  w - +0 pair of boots
Stlth    ++........             (no amulet)
HPRegen  0.30/turn              f - ring of protection
MPRegen  0.40/turn              s - ring of wizardry

@: divine energy
A: INT +3
a: Stop Divine Energy, Renounce Religion


You were in an ice cave.
You worshipped Sif Muna.
Sif Muna was pleased with you.
You were not hungry.

You visited 2 branches of the dungeon, and saw 6 of its levels.
You also visited: Ice Cave.

You collected 989 gold pieces.
You spent 480 gold pieces at shops.

Inventory:

Weapons
 u - the +4 spear "Heule" (weapon) {speed, Int+2 Dex+4 +Vis}
   (You found it on level 4 of the Dungeon)

   Attacks with this weapon are significantly faster.
   It affects your intelligence (+2).
   It affects your dexterity (+4).
   It improves your vision.
   Shields
 i - the +3 warlock's mirror (shield) {reflect}
   (You bought it in a shop on level 2 of the Dungeon)

   Base shield rating: 3 Skill to remove penalty: 4.0 With your current SH, it
   has a 0% chance to reflect enchantments and other normally unblockable
   effects.
Armour
 b - a +0 robe (worn)
 w - a +0 pair of boots (worn)
Jewellery
 a - an uncursed ring of protection from magic
 f - a ring of protection (left hand)
 s - a ring of wizardry (right hand)
Wands
 h - a wand of enslavement (1)
 o - a wand of acid (10)
Scrolls
 g - 2 scrolls of enchantment
 p - 2 scrolls of teleportation
 t - a scroll of holy word
 v - a scroll of bless item
Potions
 d - 6 potions of curing
 e - 2 potions of haste
 j - a potion of resistance
 k - a potion of cure mutation
 l - a potion of cancellation
 n - 2 potions of heal wounds
 q - 2 potions of lignification
 r - a potion of mutation
Comestibles
 c - 4 rations


   Skills:
 * Level 3.9 Fighting
 - Level 2.4 Dodging
 - Level 2.4 Stealth
 * Level 3.1 Shields
 + Level 13.8 Spellcasting
 - Level 4.0 Transmutations
 + Level 11.4 Earth Magic
 * Level 4.2 Invocations


You had 22 spell levels left.
You knew the following spells:

 Your Spells              Type           Power        Failure   Level  Hunger
a - Sandblast             Erth           50 (50)      1%          1    0
b - Passwall              Tmut/Erth      60 (120)     1%          2    0
c - Stone Arrow           Erth           50 (50)      1%          3    0
d - Petrify               Tmut/Erth      60 (100)     1%          4    0
e - Lee's Rapid Deconstr Erth 72 (200) 1% 5 0-80 f - Methodical Deconstru Erth           72 (200)     1%          5    0-80

Your spell library contained the following spells:

 Spells                   Type           Power        Failure   Level  Hunger


Dungeon Overview and Level Annotations

Branches:
Dungeon (5/8)              Temple (1/1) D:4           IceCv (1/1)
   Lair: D:5

Altars:
Ashenzari
Cheibriados
Dithmenos
Elyvilon
Fedhas Madash
Gozag Ym Sagoz
Hepliaklqana
Kikubaaqudgha
Makhleb
Nemelex Xobeh
Okawaru
Qazlal
Sif Muna
Trog
Uskayaw
Vehumet
Wu Jian
Xom
Yredelemnul
Zin
The Shining One

Shops:
D:2 (   D:5 (

Annotations:
D:5 Grum


Innate Abilities, Weirdness & Mutations

You are very clever. (INT +3)


Message History

Casting: Stone Arrow (safe; 1% risk of failure)
Confirm with . or Enter, or press ? or * to list all spells.
Aiming: Sandblast (safe; 1% risk of failure)
Press: ? - help, Shift-Dir - straight line, f/p - rypuiwel
Aim: a rypuiwel (75% to-hit, healthy (38/38), 81% (Melee))
The blast of sand misses the rypuiwel.
The rypuiwel hits you (9)! The rypuiwel freezes you (15)!
* * * LOW HITPOINT WARNING * * *
Unknown command.
Casting: Sandblast (safe; 1% risk of failure)
Confirm with . or Enter, or press ? or * to list all spells.
Aiming: Stone Arrow (safe; 1% risk of failure)
Press: ? - help, Shift-Dir - straight line, f/p - rypuiwel
Aim: a rypuiwel (75% to-hit, healthy (38/38), 81% (Melee))
The stone arrow hits the rypuiwel (15)!
The rypuiwel is moderately wounded. (23/38) HP The rypuiwel hits you (2).
* * * LOW HITPOINT WARNING * * *
The rypuiwel freezes you (22)!!
You die...

##.........#4.+ #.'.......#.. .
#..........########.8...8.#.# #
.............#............#.# #
.......⌠.....'............'.# +
.............#............#.# #
#..........########.8.8.8.#.#####
#..........#..'.#.'.......#......
#?.........#4.#4###'#'#'#'#.8####
##.........####.@.#.#.#.#.#.##
##.........# ###.#########.#
###.....### #.'.......'.# #######
#############


You could see a rypuiwel.

Vanquished Creatures
  A two-headed ogre (D:5)
  2 ice statues (IceCv)
  5 rypuiwels (IceCv)
  A troll (D:5)
  A vampire (D:5)
  2 yaks (D:5)
  A war dog (D:5)
  A slime creature (D:2)
  Purgy (D:2)
  A bone scorpion (D:5)
  A phantom (D:3)
  2 necrophages (D:5)
  2 orc warriors
  A porcupine (D:3)
  2 sky beasts
  3 ice beasts
  2 ogres (D:3)
  2 crocodiles (D:2)
  5 big kobolds
  5 jellies
  7 bullfrogs (D:4)
  A draconian simulacrum (IceCv)
  A spriggan simulacrum (IceCv)
  3 troll simulacra (IceCv)
  2 wights (D:4)
  A llaibwca (D:4)
  3 orc priests
  5 hounds
  Crazy Yiuf (D:4)
  4 iguanas
  3 orc wizards
  A water moccasin zombie (D:5)
  3 worker ants
  A wyvern skeleton (D:4)
  A naga simulacrum (IceCv)
  8 giant cockroaches
  A haearbwca (D:4)
  4 bullfrog skeletons
  4 bullfrog zombies (D:4)
  11 gnolls
  8 adders
  2 gwybwcod
  37 sewer rats
  4 centaur simulacra (IceCv)
  9 cinder newts
  2 worms
  3 oozes
  A hound skeleton (D:3)
  8 leopard geckos
  25 orcs
  An adder skeleton (D:2)
  4 ball pythons
  A cinder newt skeleton (D:2)
  4 goblins (D:1)
  8 hobgoblins (D:1)
  8 jackals
  2 quokkas
  8 bats
  22 kobolds
  6 rats (D:1)
  5 withered plants (D:2)
274 creatures vanquished.

Vanquished Creatures (others)
  A jelly (D:2)
  A sewer rat (D:2)
  6 kobolds
  An orc skeleton (D:2)
  2 bushes (D:5)
  2 fungi (D:5)
  A giant blowfly (D:2)
  20 plants (D:5)
  143 withered plants (D:2)
177 creatures vanquished.

Grand Total: 451 creatures vanquished

Notes
Turn   | Place    | Note
-------+----------+-------------------------------------------
     0 | D:1      | protoss039 the Deep Elf Earth Elementalist began the quest
                  | for the Orb.
     0 | D:1      | Reached XP level 1. HP: 10/10 MP: 6/6
    60 | D:1      | Reached XP level 2. HP: 15/15 MP: 4/8
   109 | D:1      | Identified a scroll of acquirement
   158 | D:1      | Reached skill level 4 in Spellcasting
   158 | D:1      | Reached XP level 3. HP: 7/19 MP: 6/10
   360 | D:1      | Learned a level 2 spell: Passwall
   364 | D:1      | Learned a level 3 spell: Stone Arrow
   369 | D:1      | Learned a level 4 spell: Petrify
   376 | D:1      | Reached XP level 4. HP: 24/24 MP: 7/12
   620 | D:1      | Reached skill level 5 in Spellcasting
   620 | D:1      | Reached skill level 5 in Earth Magic
   761 | D:1      | Reached XP level 5. HP: 28/28 MP: 10/14
   984 | D:1      | Identified the ring of Puray {rElec MR- rCorr Int+7 Slay+2}
                  | (You acquired it on level 1 of the Dungeon)
  1094 | D:2      | Reached skill level 6 in Spellcasting
  1184 | D:2      | Learned a level 5 spell: Lee's Rapid Deconstruction
  1239 | D:2      | Reached XP level 6. HP: 23/32 MP: 3/17
  1419 | D:2      | Reached skill level 1 in Fighting
  1432 | D:2      | Reached skill level 7 in Spellcasting
  1447 | D:2      | Reached XP level 7. HP: 16/38 MP: 5/19
  1695 | D:1      | Learned a level 5 spell: Methodical Deconstruction
  1904 | D:2      | Reached skill level 8 in Spellcasting
  2048 | D:2      | Noticed Purgy
  2055 | D:2      | Killed Purgy
  2304 | D:2      | Found Fuimoux's Weapon Shoppe.
  2307 | D:2      | Bought the +3 warlock's mirror {reflect} for 480 gold
                  | pieces
  2307 | D:2      | Found the +3 warlock's mirror {reflect}
  2509 | D:2      | Reached XP level 8. HP: 44/44 MP: 17/22
  2910 | D:2      | Reached skill level 9 in Spellcasting
  3338 | D:3      | Found an ornate altar of the Wu Jian Council.
  3440 | D:3      | Found a shimmering altar of Xom.
  3442 | D:3      | Reached skill level 10 in Spellcasting
  3560 | D:3      | Found a bloodstained altar of Trog.
  3928 | D:2      | Reached skill level 11 in Spellcasting
  3928 | D:2      | Reached XP level 9. HP: 48/48 MP: 8/26
  4071 | D:4      | Found a snail-covered altar of Cheibriados.
  4225 | D:4      | Reached skill level 12 in Spellcasting
  4225 | D:4      | Reached skill level 10 in Earth Magic
  4229 | D:4      | Found a staircase to the Ecumenical Temple.
  4269 | Temple   | Entered the Ecumenical Temple
  4387 | Temple   | Became a worshipper of Sif Muna the Loreminder
  4441 | D:4      | Identified the +4 spear "Heule" {speed, Int+2 Dex+4 +Vis}
  4441 | D:4      | Found a flagged portal.
  4548 | D:4      | Reached skill level 1 in Invocations
  4692 | D:4      | Identified the cursed ring of Dishonour {-Vis rElec rCorr
                  | Int+6 Dex+4, (Curse: Fragile rC-)}
  5047 | D:4      | Reached * piety under Sif Muna
  5047 | D:4      | Reached skill level 1 in Shields
  5165 | D:4      | Found a runed translucent door.
  5168 | D:4      | Noticed Crazy Yiuf
  5174 | D:4      | Killed Crazy Yiuf
  5338 | D:5      | Entered Level 5 of the Dungeon
  5393 | D:5      | Reached XP level 10. HP: 23/54 MP: 9/28
  5397 | D:5      | Found Deostor's Weapon Emporium.
  5462 | D:5      | Found a hide-covered altar of Uskayaw.
  5464 | D:5      | Noticed Grum
  5554 | D:5      | Noticed a two-headed ogre
  5558 | D:5      | Killed a two-headed ogre
  5558 | D:5      | Reached skill level 13 in Spellcasting
  5592 | D:5      | Found a frozen archway.
  5608 | D:5      | Reached ** piety under Sif Muna
  5728 | IceCv    | Entered an ice cave
  6764 | IceCv    | Reached XP level 11. HP: 36/60 MP: 18/30
  6767 | IceCv    | Mangled by a rypuiwel

Levels and vault maps discovered:
D:1:      doesnt_arrival_eight_statues, layout_loops_corners, kennysheep_boxes
D:2:      layout_sewer, disused_pipe, first_ration, serial_shops,
          shop_fountains, uniq_purgy
D:3:      layout_basic, lemuel_crystal_altar,
          bcadren_lemuel_inverted_doored_altar, marbit_many_paths
D:4:      layout_basic, minmay_temple_entry_mini_moons, enter_bailey_2,
          basic_altar, uniq_crazy_yiuf_cottage
D:5:      layout_twisted_cavern, eat_drink_and_be_merry_uskayaw,
          minmay_lair_entry_grove, serial_shops, kennysheep_mini,
          nicolae_shop_waterfront, portal_ice_cave_entry_pillars_2, uniq_grum
Temple:   nicolae_temple_elliptical
IceCv:    ice_cave_tombish

Skill      XL: |  1  2  3  4  5  6  7  8  9 10 |
---------------+-------------------------------+-----
Earth Magic    | 4 5 6 7 9 10 11 | 11.4
Spellcasting   | 4 5 6 7 8 11 12 13 | 13.8
Fighting       | 1 2 3 |  3.9
Transmutations | 2 3 4 |  4.0
Invocations    | 2 4 |  4.2
Shields        | 1 3 |  3.1
Dodging        | |  2.4
Stealth        | |  2.4

Action                   |  1- 3 |  4- 6 |  7- 9 | 10-12 || total
-------------------------+-------+-------+-------+-------++-------
Melee: Unarmed           |     8 |       |       |       ||     8
       Club              |    13 |     2 |       |       ||    15
       Dagger            |     9 |    73 |    17 |       ||    99
       Whip              |       |       |     1 |       ||     1
       Spear             |       |       |     9 |       ||     9
 Cast: Sandblast         |    28 |    26 |    50 |    33 ||   137
       Stone Arrow       |       |    34 |   155 |    33 ||   222
       Lee's Rapid Decon |       |     2 |    20 |    22 ||    44
       Petrify           |       |     1 |       |       ||     1
       Methodical Decons |       |       |     1 |     3 ||     4
Invok: Divine Energy     |       |       |       |     1 ||     1
  Use: Scroll            |       |     1 |       |       ||     1
       Potion            |       |     2 |       |     1 ||     3
  Eat: Chunk             |       |     3 |     9 |     2 ||    14
       Ration            |       |     1 |     2 |     1 ||     4
Armor: Robe              |    15 |    29 |    37 |     4 ||    85
       Skin              |       |    78 |       |       ||    78
Dodge: Dodged            |     9 |    21 |    22 |     6 ||    58
Block: Buckler           |       |       |     6 |     4 ||    10
